 Dungeon Crawl Stone Soup version 0.31-a0-430-gf8416d752b (webtiles) character file.

Game seed: 3788494218335804011

604 Ethylacetat the Changeling (level 7, -9/36 HPs)
             Began as a Vine Stalker Shapeshifter on July 31, 2023.
             Mangled by an ogre
             ... wielding a +0 giant club
              (15 damage)
             ... on level 4 of the Dungeon.
             The game lasted 00:04:15 (2447 turns).

Ethylacetat the Changeling (VSSh)                   Turns: 2447, Time: 00:04:15

Health: -9/36      AC: 10    Str: 17    XL:     7   Next: 42%
Magic:  0/8        EV:  5    Int:  8    God:
Gold:   124        SH:  0    Dex: 17    Spells: 6/6 levels left

rFire   . .          .
                       - Unarmed
rCold   . . .        (no shield)
rNeg    . . .        p - +0 plate armour
rPois   .            (helmet currently unavailable)
rElec   .            (cloak currently unavailable)
rCorr   .            (gloves currently unavailable)
SInv    .            (boots currently unavailable)
Will    .....        (no amulet) Stlth
                     (no ring)
HPRegen 1.06/turn    (no ring)
MPRegen 0.11/turn

%: guardian spirit
@: beast-form
A: beast (slay +3), fangs 2, regeneration 1, magic shield, antimagic bite, no
potion heal 2
a: Begin Untransformation


You were on level 4 of the Dungeon.
You were a hulking beast.
You visited 1 branch of the dungeon, and saw 4 of its levels.

You collected 124 gold pieces.

Inventory:

Armour
 p - a +0 plate armour (worn)
 r - a +0 cloak of willpower
Jewellery
 s - a ring of positive energy
Talismans
 c - a beast talisman (active)
Wands
 w - a wand of roots (9)
Scrolls
 e - a scroll of amnesia {unknown}
 i - 7 scrolls of identify {unknown}
 l - a scroll of poison {unknown}
 o - 2 scrolls of summoning {unknown}
 t - a scroll of silence {unknown}
 v - a scroll of vulnerability {unknown}
 x - a scroll of immolation {unknown}
Potions
 a - 3 potions of heal wounds {unknown}
 b - a potion of lignification
 d - a potion of resistance {unknown}
 f - 3 potions of cancellation {unknown}
 g - 3 potions of curing {unknown}
 h - a potion of haste {unknown}
 j - 2 potions of berserk rage {unknown}
 k - a potion of degeneration {unknown}
 m - a potion of enlightenment {unknown}
 n - a potion of attraction {unknown}
 q - a potion of brilliance {unknown}
 u - 2 potions of ambrosia {unknown}


   Skills:
 + Level 3.4 Fighting
 - Level 1.5 Dodging
 + Level 4.9 Unarmed Combat
 * Level 5.5 Shapeshifting


You had 6 spell levels left.
You didn't know any spells.
Your spell library contained the following spells:

 Spells                   Type           Power      Damage    Failure   Level
 Apportation              Tloc           0%         N/A       100%        1
 Kiss of Death            Conj/Necr      0%         2d5       100%        1
 Blink                    Tloc           0%         N/A       100%        2
 Lesser Beckoning         Tloc           0%         N/A       100%        2
 Momentum Strike          Conj/Tloc      0%         3d8       100%        2
 Confusing Touch          Hex            0%         N/A       100%        3
 Dispel Undead            Necr           0%         3d6       100%        4
 Alistair's Intoxication  Tmut/Pois      0%         N/A       100%        5


Dungeon Overview and Level Annotations

Branches:
Dungeon (4/15)
 Temple: D:4-7

Altars:
Elyvilon
Uskayaw

Shops:
D:1 :

Annotations:
D:4 1 runed translucent door


Innate Abilities, Weirdness & Mutations

You are a hulking beast.
Your limbs bulge with bestial killing power. (Slay +3)
You have extremely sharp teeth.
Your natural rate of healing is unusually fast.
When hurt, damage is shared between your health and your magic reserves.
Your bite disrupts and absorbs the magic of your enemies.
Potions cannot restore your health.


Message History

The orc hits you with a +0 club. The orc hits you but does no damage.
You punch Grinder! You bite Grinder!
Grinder's magic leaks into the air.
You drain her magic.
You feel invigorated.
Grinder is heavily wounded.
The adder bites you but does no damage.
Grinder falters for a moment.
The adder bites you but does no damage.
You hit Grinder but do no damage. You bite Grinder.
Grinder's magic leaks into the air.
You drain her magic.
Grinder is severely wounded.
The ogre completely misses you. The orc hits you with a +0 flail.
The orc barely misses you.
Grinder says, "I used to sell toenails on the black market."
Grinder completely misses you. The adder bites you but does no damage.
You punch Grinder!
Grinder is almost dead.
The orc hits you with a +0 flail. The orc completely misses you.
Grinder falters for a moment.
The adder bites you but does no damage. The ogre barely misses you.
You closely miss Grinder.
Grinder is almost dead.
The orc hits you but does no damage. The orc hits you with a +0 club.
The adder bites you but does no damage.
Grinder falters for a moment.
You punch Grinder!
You kill Grinder!
The adder bites you but does no damage.
The ogre hits you with a +0 giant club!!
* * * LOW HITPOINT WARNING * * *
The orc hits you but does no damage. x2
You have reached level 7!
You hit the ogre. You bite the ogre. You drain its power.
You feel invigorated.
The ogre is moderately wounded.
The adder bites you but does no damage. The orc hits you with a +0 flail.
* * * LOW HITPOINT WARNING * * *
The orc hits you but does no damage.
You punch the ogre! You bite the ogre. You drain its power.
You feel invigorated.
The ogre is severely wounded.
The adder bites you but does no damage.
The ogre hits you with a +0 giant club!!
You die...

### ## ♣♣♣ .## .♣♣
♣♣♣.♣♣♣ ♣###..# ..♣♣
♣♣.....♣♣ ♣♣.......
..[♣♣♣.......♣♣♣.......#
≈...♣...≈~≈...♣...≈~≈...
≈≈.....≈≈~≈≈.....≈≈~≈≈..
~~.....~~_~~...oOo~♣~~..
≈≈.....≈≈~≈≈...ohS≈~≈≈..
≈...♣.(.≈~≈...♣...≈~≈...
...♣♣♣.......♣♣♣......!#
..♣♣ ♣♣.....♣♣ ♣♣.....##
#♣♣ ♣♣♣.♣♣♣ ♣##### ♣♣♣


You could see an ogre, an adder and 3 orcs.

Vanquished Creatures
  Grinder (D:4)
  A black bear (D:4)
  Blork the orc (D:4)
  A scorpion (D:4)
  A hound (D:4)
  Terence (D:2)
  3 gnolls (D:4)
  2 adders
  An ufetubus (D:4)
  2 worms (D:4)
  2 dart slugs
  14 orcs
  10 ball pythons
  5 bats
  3 endoplasms
  5 giant cockroaches
  3 goblins
  5 hobgoblins
  4 quokkas
  6 frilled lizards
  10 kobolds
  4 rats
85 creatures vanquished.

Notes
Turn   | Place    | Note
-------+----------+-------------------------------------------
     0 | D:1      | Ethylacetat the Vine Stalker Shapeshifter began the quest
                  | for the Orb.
     0 | D:1      | Reached XP level 1. HP: 9/9 MP: 2/2
    80 | D:1      | Reached skill level 1 in Fighting
   112 | D:1      | Reached XP level 2. HP: 11/14 MP: 3/3
   361 | D:1      | Found Jieburr's Book Emporium.
   722 | D:2      | Reached XP level 3. HP: 14/18 MP: 4/4
  1031 | D:2      | Noticed Terence
  1037 | D:2      | Killed Terence
  1038 | D:2      | Gained mutation: Your natural rate of healing is unusually
                  | fast. [Vine Stalker growth]
  1038 | D:2      | Reached XP level 4. HP: 15/23 MP: 5/5
  1489 | D:3      | Reached skill level 4 in Shapeshifting
  1748 | D:3      | Found a hide-covered altar of Uskayaw.
  1933 | D:3      | Reached XP level 5. HP: 26/26 MP: 4/6
  2177 | D:4      | Noticed a black bear
  2184 | D:4      | Killed a black bear
  2233 | D:4      | Found a runed translucent door.
  2254 | D:4      | Noticed Blork the orc
  2266 | D:4      | Killed Blork the orc
  2267 | D:4      | Reached XP level 6. HP: 32/32 MP: 5/7
  2388 | D:4      | Reached skill level 5 in Shapeshifting
  2417 | D:4      | Found a white marble altar of Elyvilon.
  2429 | D:4      | Noticed Grinder
  2445 | D:4      | Killed Grinder
  2446 | D:4      | Reached XP level 7. HP: 7/36 MP: 2/8
  2447 | D:4      | Mangled by an ogre

Illustrated notes

Levels and vault maps discovered:
D:1:      wander_arrival_chamber, layout_loops_ring, serial_shops,
          nicolae_shop_window_shopping
D:2:      layout_rooms, kennysheep_generic_room_7, uniq_terence
D:3:      layout_basic, mainiacjoe_overflow_alcove_2, chequers_arboretum,
          minmay_puff
D:4:      layout_basic, elyvilon_altar_3, ebering_ghost_sewer_d,
          sigmund_edmund_badplayer, uniq_robin, uniq_blork_the_orc,
          uniq_sigmund, uniq_grinder

Skill      XL: |  1  2  3  4  5  6 |
---------------+-------------------+-----
Fighting       | 1 2 3 |  3.4
Shapeshifting  | 4 5 |  5.5
Unarmed Combat | 4 |  4.9
Dodging        | |  1.5

Action                     |  1- 3 |  4- 6 |  7- 9 || total
---------------------------+-------+-------+-------++-------
  Melee: Unarmed           |    67 |   133 |     2 ||   202
         Bite              |    16 |    38 |     2 ||    56
         Punch             |     2 |     4 |       ||     6
   Stab: Sleeping          |     2 |       |       ||     2
 Armour: Animal skin       |     8 |       |       ||     8
         Plate armour      |       |   110 |     3 ||   113
  Dodge: Dodged            |    45 |    36 |       ||    81

Table legend: (Time is in decaauts)
 A = Elapsed time spent in this place.
 B = Non-inter-level travel time spent in this place.
 C = Inter-level travel time spent in this place.
 D = Time resting spent in this place.
 E = Time spent auto-exploring this place.
 F = Levels seen in this place.
 G = Mean time per level.
                   A        B        C        D        E       F      G
               +--------+--------+--------+--------+--------+-----+--------+
         Total |   2432 |   2377 |     55 |      0 |   1899 |   4 |  608.0 |
       Dungeon |   2432 |   2377 |     55 |      0 |   1899 |   4 |  608.0 |
               +--------+--------+--------+--------+--------+-----+--------+

Top non-repeatable levels by time:
     D:3: 950 daAuts
     D:1: 683 daAuts
     D:2: 535 daAuts
     D:4: 264 daAuts
